 Dungeon Crawl Stone Soup version 0.23-a0-307-gc3b755d (webtiles) character file.

65 iamserjio the Grave Robber (level 4, -8/33 HPs)
             Began as a Formicid Necromancer on Oct 10, 2018.
             Mangled by Sigmund
             ... wielding a +3 scythe of slicing
              (10 damage)
             ... on level 2 of the Dungeon.
             The game lasted 00:06:27 (605 turns).

iamserjio the Grave Robber (Formicid Necromancer)    Turns: 605, Time: 00:06:28

Health: -8/33      AC:  5    Str: 13    XL:     4   Next: 35%
Magic:  1/7        EV: 12    Int: 15    God:
Gold:   59         SH:  0    Dex: 11    Spells: 3/7 levels left

rFire    . . .     SeeInvis +   d - +0 spear
rCold    . . .     Gourm    .   (no shield)
rNeg     . . .     Faith    .   a - +0 robe
rPois    .         Spirit   .   (helmet unavailable)
rElec    .         Reflect  .   (no cloak)
rCorr    .         Harm     .   (no gloves)
MR       .....                  e - +2 pair of boots
Stlth    +.........             (no amulet)
HPRegen  0.11/turn              (no ring)
MPRegen  0.10/turn              (no ring)

@: confused
A: permanent stasis, dig shafts and tunnels, four strong arms, antennae 3
a: Dig, Shaft Self


You were on level 2 of the Dungeon.
You were not hungry.

You visited 1 branch of the dungeon, and saw 2 of its levels.

You collected 59 gold pieces.

Inventory:

Hand Weapons
 d - a +0 spear (weapon)
 s - a +0 hunting sling
Missiles
 f - 70 arrows
 h - 3 curare-tipped needles {!f}
 j - 2 throwing nets (quivered) {!f}
Armour
 a - a +0 robe (worn)
 e - a +2 pair of boots (worn)
 n - a +0 ring mail
Jewellery
 m - an uncursed ring of resist corrosion {unknown}
Scrolls
 b - 2 scrolls of noise {unknown}
 g - a scroll of magic mapping {unknown}
 i - 2 scrolls of identify {unknown}
 k - a scroll of immolation {unknown}
 o - a scroll of amnesia {unknown}
 r - a scroll of teleportation {unknown}
Comestibles
 c - 7 rations


   Skills:
 + Level 1.8 Fighting
 - Level 1.7 Dodging
 - Level 2.4 Stealth
 * Level 2.7 Unarmed Combat
 - Level 2.1 Spellcasting
 + Level 4.2 Necromancy


You had 3 spell levels left.
You knew the following spells:

 Your Spells              Type           Power        Failure   Level  Hunger
a - Pain                  Necr           ##..         4%          1    #......
b - Vampiric Draining     Necr           ##........   12%         3    ###....

Your spell library contained the following spells:

 Spells                   Type           Power        Failure   Level  Hunger
 Animate Skeleton         Necr           N/A          4%          1    #......
 Regeneration             Chrm/Necr      #.........   28%         3    ###....
 Animate Dead             Necr           N/A          36%         4    #####..


Dungeon Overview and Level Annotations

Branches:
Dungeon (2/15)

Altars:

Annotations:
D:2 Sigmund


Innate Abilities, Weirdness & Mutations

You cannot be hasted, slowed, berserked, paralysed or teleported.
You can dig through walls and to a lower floor.
Your four strong arms can wield two-handed weapons with a shield.
You have a pair of large antennae on your head. (SInv)


Message History

* * * LOW HITPOINT WARNING * * *
x2 You closely miss Sigmund.
Sigmund closely misses you.
You aren't carrying any potions.
Unknown command.
You miss Sigmund.
You bump into the rock wall.
Sigmund barely misses you.
You bump into the rock wall.
Sigmund points at you and mumbles some strange words.
You are more confused.
Sigmund hits you from afar with a scythe of slicing.
* * * LOW HITPOINT WARNING * * *
x2 You're too confused!
Unknown command.
You bump into the rock wall.
You bump into the rock wall.
Sigmund closely misses you. Sigmund gestures at you while chanting.
You are more confused.
You miss Sigmund.
Sigmund hits you with a scythe of slicing!
You die...

##> #..# ..###. #..
###.###.###... #.#
#....)..##.... #.#
##.#..####...[. #.#
#..##.## #..... #.#
#...#..# #..... #.#
#.#....# #..>..
#@###(..#..###.....
#.@....###..###....
#.#...## ##.###....
#.##...+##..##..###
#.......#......##
#...P≈.....##.##
#.#.P≈P....##..#
#.#.....⌠.###..#
#.##......##...###
#.#..##..# #.#...##


You could see Sigmund (invisible).

Vanquished Creatures
  2 adders (D:2)
  A worm (D:2)
  2 dart slugs (D:1)
  2 leopard geckos (D:1)
  3 giant cockroaches
  9 goblins
  2 hobgoblins (D:1)
  6 kobolds
  5 bats
  4 rats (D:1)
36 creatures vanquished.

Notes
Turn   | Place    | Note
-------+----------+-------------------------------------------
     0 | D:1      | iamserjio the Formicid Necromancer began the quest for the
                  | Orb.
     0 | D:1      | Reached XP level 1. HP: 13/13 MP: 3/3
    44 | D:1      | Reached skill level 1 in Unarmed Combat
    44 | D:1      | Reached XP level 2. HP: 11/20 MP: 0/5
    53 | D:1      | Reached skill level 1 in Fighting
    98 | D:1      | Reached XP level 3. HP: 7/26 MP: 2/6
   190 | D:1      | Learned a level 3 spell: Vampiric Draining
   335 | D:2      | Reached XP level 4. HP: 18/33 MP: 0/7
   574 | D:2      | Noticed Sigmund
   600 | D:2      | HP: 1/33 [Sigmund/scythe of slicing (1)]
   605 | D:2      | Mangled by Sigmund

Vault maps used:
D:1:      mrwooster_arrival_statue
D:2:      overflow_temple_1_default, tso_oasis_becter, first_ration,
          uniq_sigmund

Skill      XL: |  1  2  3 |
---------------+----------+-----
Unarmed Combat | 1 2 |  2.7
Fighting       | 1 |  1.8
Dodging        | |  1.7
Stealth        | |  2.4
Spellcasting   | |  2.1
Necromancy     | |  4.2

Action                   |  1- 3 |  4- 6 || total
-------------------------+-------+-------++-------
Melee: Spear             |    70 |    30 ||   100
 Cast: Pain              |    13 |    15 ||    28
       Vampiric Draining |     4 |     2 ||     6
  Use: Potion            |       |     2 ||     2
 Stab: Sleeping          |     4 |       ||     4
Armor: Robe              |    24 |     3 ||    27
Dodge: Dodged            |    45 |    20 ||    65

Table legend:
 A = Non-vault XP
 B = Vault XP
 C = Vault XP percentage of total XP
 D = Non-vault monster count
 E = Vault monster count
 F = Vault count percentage of total count
                 A         B        C        D         E       F
            +---------+---------+-------+---------+---------+-------
      Total |      94 |       0 |   0.0 |      36 |       0 |   0.0
            +---------+---------+-------+---------+---------+-------
        D:1 |      51 |       0 |   0.0 |      27 |       0 |   0.0
        D:2 |      43 |       0 |   0.0 |       9 |       0 |   0.0
            +---------+---------+-------+---------+---------+-------
